 Dungeon Crawl Stone Soup version 0.21.1-1-g345015f (webtiles) character file.

11139 Gremour the Cleaver (level 11, -1/97 HPs)
             Began as a Hill Orc Fighter on Mar 16, 2018.
             Was an Elder of Yredelemnul.
             Killed by divine providence
             ... invoked by a smoke demon
             ... summoned by an orc sorcerer
             ... led by an orc high priest
              (13 damage)
             ... while paralysed by an orc sorcerer
             ... on level 1 of the Orcish Mines.
             The game lasted 01:08:22 (10393 turns).

Gremour the Cleaver (Hill Orc Fighter)             Turns: 10393, Time: 01:08:26

Health: -1/97      AC: 13    Str: 22    XL:     11   Next: 73%
Magic:  9/17       EV:  2    Int:  8    God:    Yredelemnul [****..]
Gold:   699        SH:  0    Dex: 13    Spells: 10/10 levels left

rFire    . . .     SeeInvis +   b - +8 whip of Hubris {flame, rN+ MR- Str+2 SInv}
rCold    . . .     Gourm    +   c - +0 shield
rNeg     + . .     Faith    .   y - +0 scale mail (curse)
rPois    .         Spirit   .   q - +1 helmet
rElec    .         Reflect  .   k - +0 cloak
rCorr    .         Harm     .   (no gloves)
MR       .....                  G - +0 pair of boots {Stlth+}
Stlth    +.........             B - amulet of the gourmand
HPRegen  0.26/turn              F - ring of protection from magic
MPRegen  0.15/turn              (no ring)

@: paralysed, injury mirror, hasted
A: no striking features
a: Recall Undead Slaves, Injury Mirror, Animate Dead, Drain Life, Renounce
Religion, Convert to Beogh


You were on level 1 of the Orcish Mines.
You worshipped Yredelemnul.
Yredelemnul was greatly pleased with you.
You were very full.

You visited 3 branches of the dungeon, and saw 13 of its levels.
You also visited: Ossuary.

You collected 699 gold pieces.

Inventory:

Hand Weapons
 a - a +1 war axe
 b - the +8 whip of Hubris (weapon) {flame, rN+ MR- Str+2 SInv}
   (You found it on level 7 of the Dungeon)

   It has been specially enchanted to burn those struck by it, causing extra
   injury to most foes and up to half again as much damage against particularly
   susceptible opponents.
   It affects your strength (+2).
   It protects you from negative energy.
   It affects your resistance to hostile enchantments.
   It lets you see invisible.
Missiles
 h - 4 silver tomahawks (quivered)
Armour
 c - a +0 shield (worn)
 k - a +0 cloak (worn)
 q - a +1 helmet (worn)
 s - a +1 ring mail of positive energy
 y - a cursed +0 scale mail (worn)
 D - a +1 ring mail of magic resistance
 G - a +0 pair of boots of stealth (worn)
 I - a +0 ring mail of poison resistance
Jewellery
 x - an uncursed ring of flight
 B - an amulet of the gourmand (around neck)
 F - a ring of protection from magic (left hand)
 H - an uncursed amulet of regeneration
Wands
 r - a wand of digging (15)
 w - a wand of iceblast (7)
 J - a wand of flame (126)
 L - a wand of polymorph (27)
Scrolls
 d - 3 scrolls of enchant weapon
 i - 6 scrolls of identify
 p - 4 scrolls of teleportation
 z - a scroll of blinking
 C - a scroll of enchant armour
Potions
 e - a potion of flight
 g - 3 potions of lignification
 j - 2 potions of mutation
 l - a potion of curing {unknown}
 m - 2 potions of haste
 n - 2 potions of heal wounds
 o - a potion of agility
 v - a potion of experience {unknown}
 A - a potion of might
 E - a potion of brilliance
 K - 2 potions of magic
Comestibles
 f - 20 rations


   Skills:
 * Level 9.4 Fighting
 * Level 13.8 Axes
 * Level 9.3 Armour
 + Level 7.6 Shields
 * Level 8.2 Invocations
 * Level 4.7 Evocations


You had 10 spell levels left.
You didn't know any spells.

Dungeon Overview and Level Annotations

Branches:
Dungeon (11/15)            Temple (1/1) D:4            Lair (0/6) D:8
    Orc (1/2) D:11

Altars:
Ashenzari
Cheibriados
Dithmenos
Elyvilon
Fedhas
Gozag
Hepliaklqana
Kikubaaqudgha
Makhleb
Nemelex Xobeh
Okawaru
Qazlal
Ru
Sif Muna
Trog
Uskayaw
Vehumet
Wu Jian
Xom
Yredelemnul
Zin
The Shining One

Portals:
Bailey: Orc:1


Message History

You can no longer enslave living souls.
The orc sorcerer gestures at you while chanting.
You suddenly lose the ability to move!
The red devil hits you from afar with a trident!
* * * LOW HITPOINT WARNING * * *
Yredelemnul mirrors your injury!
The red devil is heavily wounded.
The orc high priest hits you but does no damage.
Your phantasmal warrior hits the hellwing but does no damage.
Your mummy barely misses the sixfirhy.
The ice devil hits you.
* * * LOW HITPOINT WARNING * * *
The ice devil freezes you!
* * * LOW HITPOINT WARNING * * *
Yredelemnul mirrors your injury!
The ice devil is moderately wounded.
The orc sorcerer hits you but does no damage.
The smoke demon gestures at you. Something smites you!
You die...
Your body rises from the dead as a mindless zombie.

*,,,***,,,.##,,,,,,,,,,,,,,,,,,,,
,,,,,***,.#...,,*.,,*,*,,,,,,....
,,,,,,,*,.....#*,.,,,*****,......
,,*,,,,,*......##.,,,##*####.....
,,,*,,,,,........#*,*#.##.##.....
,,,,***,,...$.)..#***,...........
≈≈,,,*,,,..#.)∩3M####*,#.........
≈≈≈≈,,,,,.....434.#.#####.^......
≈≈≈,,,,,,.....oo@Z...##..........
**≈≈≈,,,,..#.Wo§z.§..............
*≈≈≈,,,,,*##.4$.................
**≈≈,,,,,**......................
≈≈≈,,,,,,........................
≈≈,,,,*,,.#.###....#.#...........
,≈≈,,***,*##* ###..###...........
,,,,** *** #...*##..........
,**** ##.** ###..##.##.


You could see an orc high priest, a hellwing, an ice devil, a sixfirhy, a smoke
demon, an orc sorcerer, a red devil, an orc warrior, a friendly phantasmal
warrior, a friendly flying skull (paralysed), a friendly mummy and a friendly
orc zombie.

Vanquished Creatures
  Josephine (D:11)
  An orc sorcerer (Orc:1)
  Psyche (D:11)
  A troll (D:11)
  2 hippogriffs
  A shadow (D:11)
  2 wraiths
  A hell hound (D:8)
  2 orc warriors
  2 sky beasts
  3 phantoms
  2 ice beasts
  A black bear (D:9)
  6 ogres
  A necrophage (D:8)
  A crocodile (D:7)
  6 big kobolds
  An elf zombie (Ossuary)
  7 bullfrogs
  5 gnoll sergeants (D:11)
  A wyvern zombie (D:8)
  A scorpion (D:7)
  8 killer bees
  4 wights
  2 howler monkeys
  2 crimson imps
  A bullfrog zombie (D:7)
  3 quasits
  2 centaur zombies (Ossuary)
  3 hounds
  2 jellies
  An orc priest (D:4)
  10 orc wizards
  5 bullfrog skeletons
  3 centaur skeletons
  4 human zombies
  A human skeleton (D:7)
  11 worker ants
  4 iguanas
  Natasha (twice) (D:3)
  A hound zombie (D:6)
  A hound skeleton (D:7)
  5 mummies
  2 worker ant zombies
  3 gnolls (D:11)
  7 adders
  2 shadow imps
  An ooze (D:2)
  2 adder zombies
  A worm (D:2)
  2 dart slugs
  5 leopard geckos
  19 orcs
  9 bats
  2 giant cockroaches
  5 goblins
  5 hobgoblins
  14 jackals
  15 kobolds
  A quokka (D:2)
  A ball python (D:3)
  A ball python skeleton (D:4)
  5 frilled lizards
  2 goblin zombies (Ossuary)
  11 hobgoblin zombies
  2 jackal zombies (Ossuary)
  11 kobold zombies (Ossuary)
  7 orc zombies
  A quokka skeleton (D:4)
  A quokka zombie (D:8)
  5 rats
  2 rat zombies (Ossuary)
268 creatures vanquished.

Vanquished Creatures (collateral kills)
  3 two-headed ogres
  A cyclops (D:11)
  Maurice (D:11)
  A troll (D:11)
  5 wraiths
  A steam dragon (D:8)
  A hungry ghost (D:10)
  A water moccasin (D:10)
  A hell hound (D:8)
  4 ice beasts
  2 orc warriors
  A sky beast (D:6)
  A black bear (D:8)
  3 ogres
  A centaur (D:10)
  An elf zombie (D:7)
  A bullfrog (D:8)
  2 scorpions
  A killer bee (D:10)
  A wight (D:11)
  2 crimson imps
  A bullfrog skeleton (D:9)
  A human skeleton (D:7)
  3 worker ants
  An ogre skeleton (D:7)
  A worker ant zombie (D:10)
  3 adders
  2 shadow imps
  4 orcs
  5 kobolds
  2 quokkas
  A butterfly (D:7)
59 creatures vanquished.

Vanquished Creatures (others)
  3 flying skulls
  A wraith (D:11)
  A human (D:3)
  A troll zombie (D:11)
  2 wights (Orc:1)
  2 bullfrog zombies (D:8)
  A killer bee zombie (D:8)
  2 hound zombies (D:9)
  A worker ant zombie (D:8)
  A gnoll zombie (D:11)
  A scorpion zombie (D:9)
  An iguana zombie (D:6)
  An adder zombie (D:7)
  An orc (D:8)
  A jackal zombie (D:8)
  6 kobold zombies
  A leopard gecko skeleton (D:6)
  A leopard gecko zombie (D:7)
  An orc zombie (D:8)
29 creatures vanquished.

Grand Total: 356 creatures vanquished

Notes
Turn   | Place    | Note
-------+----------+-------------------------------------------
     0 | D:1      | Gremour the Hill Orc Fighter began the quest for the Orb.
     0 | D:1      | Reached XP level 1. HP: 19/19 MP: 1/1
    66 | D:1      | Reached skill level 3 in Axes
   146 | D:1      | Reached XP level 2. HP: 24/26 MP: 2/2
   201 | D:1      | Reached skill level 4 in Axes
   313 | D:1      | Reached XP level 3. HP: 28/31 MP: 3/3
   631 | D:2      | Found a basalt altar of Yredelemnul.
   645 | D:2      | Reached skill level 5 in Axes
   656 | D:2      | Became a worshipper of Yredelemnul the Dark
  1050 | D:2      | Reached XP level 4. HP: 36/39 MP: 4/4
  1277 | D:3      | Reached skill level 6 in Axes
  1312 | D:3      | Noticed Natasha
  1318 | D:3      | Killed Natasha
  1391 | D:3      | Found an ancient bone altar of Kikubaaqudgha.
  1447 | D:3      | Noticed a human
  1449 | D:3      | Killed a human
  1585 | D:3      | Reached * piety under Yredelemnul
  1585 | D:3      | Reached XP level 5. HP: 44/45 MP: 5/5
  1672 | D:3      | Found a bloodstained altar of Trog.
  1672 | D:3      | Noticed Natasha
  1689 | D:3      | Killed Natasha
  1818 | D:4      | Reached skill level 7 in Axes
  1830 | D:4      | Reached skill level 1 in Invocations
  1833 | D:4      | Reached XP level 6. HP: 43/51 MP: 6/6
  1846 | D:4      | Reached skill level 8 in Axes
  1943 | D:4      | Found a sand-covered staircase.
  1954 | Ossuary  | Entered an ossuary
  2090 | Ossuary  | Reached ** piety under Yredelemnul
  2100 | Ossuary  | Reached skill level 9 in Axes
  2139 | Ossuary  | Reached XP level 7. HP: 31/57 MP: 8/8
  2411 | D:4      | Reached skill level 10 in Axes
  2817 | D:4      | Found a snail-covered altar of Cheibriados.
  3255 | D:4      | Found a staircase to the Ecumenical Temple.
  3264 | Temple   | Entered the Ecumenical Temple
  3468 | D:5      | Entered Level 5 of the Dungeon
  3517 | D:5      | Reached skill level 11 in Axes
  3517 | D:5      | Reached XP level 8. HP: 58/66 MP: 10/10
  3640 | D:5      | Found a hazy altar of Hepliaklqana.
  3898 | D:5      | Reached *** piety under Yredelemnul
  4094 | D:5      | Received a gift from Yredelemnul (a mummy)
  4259 | D:6      | Reached skill level 12 in Axes
  4549 | D:6      | Reached skill level 5 in Fighting
  4562 | D:6      | Reached XP level 9. HP: 30/74 MP: 8/11
  4769 | D:6      | Found a shadowy altar of Dithmenos.
  4899 | D:6      | Found a shadowy altar of Dithmenos.
  5199 | D:6      | Found a deep blue altar of Sif Muna.
  5358 | D:7      | Found a shimmering altar of Xom.
  5641 | D:7      | Reached skill level 5 in Armour
  5757 | D:7      | Got an ichor-stained whip
  5758 | D:7      | Identified the +8 whip of Hubris {flame, rN+ MR- Str+2 SInv} (You found it on level 7 of the Dungeon)
  5814 | D:7      | Found a white marble altar of Elyvilon.
  5907 | D:7      | Reached skill level 13 in Axes
  5922 | D:7      | Reached skill level 1 in Evocations
  6513 | D:7      | Found a basalt altar of Yredelemnul.
  6533 | D:7      | Reached **** piety under Yredelemnul
  6882 | D:8      | Reached skill level 5 in Shields
  6909 | D:8      | Reached XP level 10. HP: 54/85 MP: 13/13
  6965 | D:8      | Found a sacrificial altar of Ru.
  7203 | D:8      | Found a staircase to the Lair.
  7280 | D:8      | Found a sparkling altar of Nemelex Xobeh.
  7309 | D:8      | Reached skill level 5 in Invocations
  7312 | D:8      | Received a gift from Yredelemnul (3 flying skulls)
  7655 | D:9      | Noticed a two-headed ogre
  7665 | D:9      | Killed a two-headed ogre
  7978 | D:9      | Found an ancient bone altar of Kikubaaqudgha.
  8185 | D:10     | Entered Level 10 of the Dungeon
  8364 | D:10     | Received a gift from Yredelemnul (a wight)
  8394 | D:10     | Noticed a two-headed ogre
  8396 | D:10     | Killed a two-headed ogre
  8859 | D:10     | Reached XP level 11. HP: 93/93 MP: 16/16
  9012 | D:10     | Noticed a two-headed ogre
  9022 | D:10     | Killed a two-headed ogre
  9266 | D:11     | Noticed Psyche
  9274 | D:11     | Killed Psyche
  9367 | D:11     | Received a gift from Yredelemnul (a wraith)
  9368 | D:11     | Noticed Maurice
  9391 | D:11     | Killed Maurice
  9501 | D:11     | Noticed Josephine
  9501 | D:11     | Noticed a cyclops
  9507 | D:11     | Received a gift from Yredelemnul (a flying skull)
  9516 | D:11     | Killed a cyclops
  9535 | D:11     | Killed Josephine
  9841 | D:11     | Reached ***** piety under Yredelemnul
  9976 | D:11     | Found a staircase to the Orcish Mines.
 10053 | D:11     | Received a gift from Yredelemnul (a wight)
 10349 | Orc:1    | Entered Level 1 of the Orcish Mines
 10367 | Orc:1    | Found a flagged portal.
 10372 | Orc:1    | Noticed an orc sorcerer
 10372 | Orc:1    | Noticed an orc high priest
 10377 | Orc:1    | Noticed an orc sorcerer
 10381 | Orc:1    | Noticed a sixfirhy
 10388 | Orc:1    | Killed an orc sorcerer
 10388 | Orc:1    | Received a gift from Yredelemnul (a phantasmal warrior)
 10392 | Orc:1    | Paralysed by an orc sorcerer for 2 turns
 10393 | Orc:1    | Killed from afar by a smoke demon

Skill      XL: |  1  2  3  4  5  6  7  8  9 10 11 |
---------------+----------------------------------+-----
Axes           | 3 4 5 6 7 9 11 12 13 | 13.8
Invocations    | 1 2 3 4 7 8 |  8.2
Fighting       | 5 7 8 9 |  9.4
Armour         | 4 6 8 9 |  9.3
Shields        | 4 5 6 7 |  7.6
Evocations     | 2 3 4 |  4.7

Action                   |  1- 3 |  4- 6 |  7- 9 | 10-12 || total
-------------------------+-------+-------+-------+-------++-------
Melee: War axe           |   133 |   178 |   310 |       ||   621
       Whip              |       |       |   122 |   332 ||   454
Invok: Animate Remains   |       |       |     6 |       ||     6
       Animate Dead      |       |       |     8 |    21 ||    29
       Drain Life        |       |       |       |     3 ||     3
       Recall Undead Sla |       |       |       |     2 ||     2
       Injury Mirror     |       |       |       |     1 ||     1
  Use: Scroll            |     1 |     2 |    19 |     1 ||    23
       Potion            |       |     1 |       |     9 ||    10
 Stab: Sleeping          |       |       |     6 |       ||     6
       Distracted        |       |       |       |     8 ||     8
  Eat: Chunk             |       |     4 |    19 |    27 ||    50
       Ration            |       |     1 |     1 |       ||     2
Armor: Scale mail        |    64 |    34 |       |    92 ||   190
       Ring mail         |       |    19 |   117 |    36 ||   172
Dodge: Dodged            |    35 |    49 |    92 |   103 ||   279
Block: Shield            |    83 |    70 |   158 |   170 ||   481
